 Dungeon Crawl Stone Soup version 0.31-a0-692-gf03d1854d5 (webtiles) character file.

Game seed: 10710773783601537656

275 qw the Shooter (level 6, 0/37 HPs)
             Began as a Gargoyle Hunter on Sept 6, 2023.
             Slain by Edmund
             ... wielding a +3 heavy dire flail
              (5 damage)
             ... on level 4 of the Dungeon.
             The game lasted 00:00:56 (2382 turns).

qw the Shooter (Gargoyle Hunter)                    Turns: 2382, Time: 00:00:56

Health: 0/37       AC: 13    Str: 15    XL:     6   Next: 25%
Magic:  0/6        EV: 11    Int:  9    God:
Gold:   171        SH:  0    Dex: 15    Spells: 5/5 levels left

rFire   + + .        Y - +0 shortbow
rCold   . . .        (shield currently unavailable)
rNeg    + . .        k - +0 ring mail {rF+}
rPois   inf          e - +0 helmet
rElec   +            (no cloak)
rCorr   .            n - +2 pair of gloves
SInv    .            (no boots)
Will    +....        g - amulet of guardian spirit
Stlth   +            b - ring of protection from fire
HPRegen 0.26/turn    j - ring of willpower
MPRegen 0.10/turn

%: guardian spirit
@: about to teleport
A: sickness immunity, AC +4, negative energy resistance 1, electricity
resistance, torment resistance 1, petrification resistance
a: no special abilities


You were on level 4 of the Dungeon.
You visited 1 branch of the dungeon, and saw 4 of its levels.

You collected 171 gold pieces.


Innate Abilities, Weirdness & Mutations

You are immune to sickness and miasma.
Your stone body is resilient. (AC +4)
You are immune to poison.
You resist negative energy. (rN+)
You are resistant to electric shocks. (rElec)
You are resistant to unholy torment.
You are immune to petrification.


   Skills:
 + Level 3.6 Fighting
 - Level 6.7 Ranged Weapons
 - Level 1.0 Armour
 - Level 1.5 Dodging
 - Level 1.1 Stealth


You had 5 spell levels left.
You didn't know any spells.
Your spell library was empty.

Inventory:

Hand Weapons
 Y - a +0 shortbow (weapon)
Armour
 e - a +0 helmet (worn)
 k - a +0 ring mail of fire resistance (worn)
 n - a +2 pair of gloves (worn)
Jewellery
 b - a ring of protection from fire (left hand)
 g - an amulet of guardian spirit (around neck)
 j - a ring of willpower (right hand)
Scrolls
 l - a scroll of identify
Potions
 d - 2 potions of curing
 f - a potion of magic {unknown}
 h - a potion of heal wounds {unknown}
 i - a potion of degeneration {unknown}
 m - a potion of brilliance {unknown}

Dungeon Overview and Level Annotations

Branches:
Dungeon (4/15)
 Temple: D:4-7

Altars:

Annotations:
D:4 Edmund


Message History

You shoot an arrow. The arrow closely misses Edmund.
You shoot an arrow. The arrow hits Edmund.
Edmund is lightly wounded.
You shoot an arrow. The arrow hits Edmund!
Edmund is moderately wounded.
Edmund grinds his teeth, and then sighs.
You shoot an arrow. The arrow hits Edmund.
Edmund is moderately wounded.
You shoot an arrow. The arrow closely misses Edmund.
You shoot an arrow.
The arrow hits Edmund but does no damage.
Edmund is moderately wounded.
Edmund hits you with a +3 heavy dire flail!
You shoot an arrow. The arrow hits Edmund!
Edmund is heavily wounded.
Edmund barely misses you.
You shoot an arrow. The arrow closely misses Edmund.
The arrow hits the iguana!
The iguana is moderately wounded.
Edmund hits you but does no damage.
You shoot an arrow. The arrow barely misses Edmund.
The arrow hits the iguana!
The iguana is almost dead.
You shoot an arrow.
The arrow hits Edmund but does no damage.
Edmund is heavily wounded.
Edmund misses you.
You shoot an arrow. The arrow hits Edmund.
Edmund is heavily wounded.
Edmund hits you with a +3 heavy dire flail!!
You shoot an arrow. The arrow closely misses Edmund.
The arrow completely misses the iguana.
Edmund hits you with a +3 heavy dire flail!
2381 ||| READING scroll of teleportation.
As you read the scroll of teleportation, it crumbles to dust.
You feel strangely unstable.
You shoot an arrow.
The arrow hits Edmund but does no damage.
Edmund is heavily wounded.
Edmund hits you with a +3 heavy dire flail.
You die...
Edmund says, "I'd like to see a scythe do that!"

#.#......# .## #
#.#.####.# .#
#.#.#.# #.# (#
#.#.#.####.#..
#.............
.#######.#.####.##.
.............#
########.######
.....l@@........
......##.#######
..... ### .... ...
.. .


You could see Edmund and an iguana.

Vanquished Creatures
  Sigmund (D:2)
  5 adders
  A worm (D:2)
  2 dart slugs
  5 orcs (D:3)
  4 endoplasms
  A giant cockroach (D:1)
  5 goblins
  6 hobgoblins
  4 jackals
  4 kobolds
  3 quokkas
  4 ball pythons
  6 bats
  3 frilled lizards
  10 rats
64 creatures vanquished.

Notes
Turn   | Place    | Note
-------+----------+-------------------------------------------
     0 | D:1      | qw the Gargoyle Hunter began the quest for the Orb.
     0 | D:1      | Reached XP level 1. HP: 12/12 MP: 1/1
     0 | D:1      | 0 ||| qw: Version: 0.3-a-76-g4403597
     0 | D:1      | 0 ||| qw: Game counter: 67
     0 | D:1      | 0 ||| qw: Melee chars always use a shield: true
     0 | D:1      | 0 ||| qw: God list: Okawaru
     0 | D:1      | 0 ||| qw: Allow faded altars: false
     0 | D:1      | 0 ||| qw: Do Orc after clearing Dungeon:15 true
     0 | D:1      | 0 ||| qw: Do second Lair branch before Depths: true
     0 | D:1      | 0 ||| qw: Lair rune preference: random
     0 | D:1      | 0 ||| qw: Goals: Normal
     0 | D:1      | 0 ||| PLANNING D:1-11
   208 | D:1      | Reached XP level 2. HP: 17/17 MP: 2/2
   454 | D:1      | You fall into a shaft and drop 1 floor!
   520 | D:2      | 520 ||| UPGRADING to amulet of guardian spirit.
   525 | D:2      | 525 ||| READING scroll labelled GUDUAF SANUSTA.
   526 | D:2      | 526 ||| READING scroll labelled PEYPTU OCIFUO.
   527 | D:2      | 527 ||| DRINKING 2 sedimented cyan potions.
   528 | D:2      | 528 ||| DROPPING scroll of butterflies.
   534 | D:2      | 534 ||| FLEEEEING.
   535 | D:2      | 535 ||| STAIRDANCE
   785 | D:1      | Reached XP level 3. HP: 21/21 MP: 3/3
  1023 | D:1      | 1023 ||| READING scroll labelled NADI BAHOUXZEL.
  1100 | D:2      | Reached skill level 5 in Ranged Weapons
  1307 | D:2      | Reached skill level 3 in Fighting
  1313 | D:2      | Reached XP level 4. HP: 24/28 MP: 2/4
  1357 | D:2      | Noticed Sigmund
  1369 | D:2      | Killed Sigmund
  1370 | D:2      | Reached skill level 6 in Ranged Weapons
  1370 | D:2      | Reached XP level 5. HP: 27/32 MP: 5/5
  1446 | D:2      | Found a faded altar of an unknown god.
  1792 | D:2      | 1792 ||| UPGRADING to +0 helmet.
  1797 | D:2      | 1797 ||| UPGRADING to ring of protection from fire.
  1798 | D:2      | 1798 ||| READING 2 scrolls labelled ENAISO ROLYSU.
  1803 | D:2      | 1803 ||| READING scroll labelled HOBROJ BEXU.
  1836 | D:3      | Reached XP level 6. HP: 36/37 MP: 4/6
  1899 | D:3      | Reached skill level 1 in Armour
  2296 | D:3      | 2296 ||| UPGRADING to +0 ring mail of fire resistance.
  2306 | D:3      | 2306 ||| DROPPING +0 leather armour.
  2307 | D:3      | 2307 ||| UPGRADING to +2 pair of gloves.
  2312 | D:3      | 2312 ||| UPGRADING to ring of willpower.
  2368 | D:4      | Noticed Edmund
  2380 | D:4      | HP: 5/37 [Edmund/+3 heavy dire flail (6)]
  2381 | D:4      | 2381 ||| READING scroll of teleportation.
  2382 | D:4      | Slain by Edmund

Levels and vault maps discovered:
D:1:      arrival_zaba_pyramid, layout_basic, dreamdust_wishing_well,
          kennysheep_crisscross, serial_bayou_pond_c,
          amcnicky_mini_rare_corridor_liquid, chequers_serial_rivers_small_3
D:2:      layout_basic, hellmonk_ecumenical_altar_arch_garden, uniq_sigmund
D:3:      layout_basic, minmay_fountain_box, minmay_misc_feat_columns
D:4:      layout_basic, nicolae_overflow_hidden_temple, kennysheep_mini_moat,
          mainiacjoe_overflow_brackets, mainiacjoe_overflow_alcove_2,
          uniq_edmund

Skill      XL: |  1  2  3  4  5  6 |
---------------+-------------------+-----
Ranged Weapons | 5 6 |  6.7
Fighting       | 3 |  3.6
Armour         | 1 |  1.0
Dodging        | |  1.5
Stealth        | |  1.1

Action                     |  1- 3 |  4- 6 || total
---------------------------+-------+-------++-------
   Fire: Shortbow          |    93 |   127 ||   220
    Use: Scroll            |     3 |     3 ||     6
         Potion            |     1 |       ||     1
 Armour: Leather armour    |    30 |    22 ||    52
         Ring mail         |       |     5 ||     5
  Dodge: Dodged            |    29 |    27 ||    56

Table legend:
 A = Non-vault XP
 B = Vault XP
 C = Vault XP percentage of total XP
 D = Non-vault monster count
 E = Vault monster count
 F = Vault count percentage of total count
                 A         B        C        D         E       F
            +---------+---------+-------+---------+---------+-------
      Total |     171 |     223 |  56.6 |      63 |       1 |   1.6
            +---------+---------+-------+---------+---------+-------
        D:1 |      32 |       0 |   0.0 |      20 |       0 |   0.0
        D:2 |      61 |     223 |  78.5 |      15 |       1 |   6.2
        D:3 |      78 |       0 |   0.0 |      28 |       0 |   0.0
            +---------+---------+-------+---------+---------+-------
